 Dungeon Crawl Stone Soup version 0.26.1-11-gd32895ea62 (webtiles) character file.

Game seed: 14571634301762902996

174 hawla the Conjurer (level 5, -1/40 HPs)
             Began as a Draconian Conjurer on May 5, 2021.
             Killed from afar by an electric eel (10 damage)
             ... with a bolt of electricity
             ... on level 3 of the Dungeon on May 6, 2021.
             The game lasted 00:08:37 (4490 turns).

hawla the Conjurer (Draconian Conjurer)             Turns: 4490, Time: 00:08:38

Health: -1/40      AC:  6    Str:  9    XL:     5   Next: 28%
Magic:  5/9        EV: 12    Int: 19    God:
Gold:   133        SH:  0    Dex: 10    Spells: 3/10 levels left

rFire    . . .     SeeInvis .   c - +1 whip (freeze)
rCold    . . .     Faith    .   (no shield)
rNeg     . . .     Spirit   .   (armour unavailable)
rPois    .         Reflect  .   (helmet restricted)
rElec    .         Harm     .   (no cloak)
rCorr    .         Rampage  .   f - +0 pair of gloves
Will     .....                  (no boots)
Stlth    ++........             (no amulet)
HPRegen  0.13/turn              (no ring)
MPRegen  0.11/turn              (no ring)

@: no status effects
A: unfitting armour, cold-blooded, AC +5
a: no special abilities


You were on level 3 of the Dungeon.
You visited 1 branch of the dungeon, and saw 3 of its levels.

You collected 133 gold pieces.

Inventory:

Hand Weapons
 c - a +1 whip of freezing (weapon)
 k - a +0 short sword of holy wrath
Missiles
 e - 4 boomerangs
Armour
 f - a +0 pair of gloves (worn)
Wands
 n - a wand of flame (14)
Scrolls
 d - a scroll of teleportation
 h - a scroll of fear {unknown}
 j - a scroll of random uselessness {unknown}
Potions
 a - 2 potions of cancellation
 b - 2 potions of curing {unknown}
 g - 3 potions of degeneration {unknown}
 i - a potion of might {unknown}
 l - a potion of magic {unknown}
 m - a potion of heal wounds {unknown}


   Skills:
 + Level 1.3 Fighting
 - Level 2.0 Dodging
 - Level 2.0 Stealth
 + Level 3.1 Spellcasting
 + Level 5.0 Conjurations
 + Level 2.1 Translocations


You had 3 spell levels left.
You knew the following spells:

 Your Spells              Type           Power        Failure   Level
a - Magic Dart            Conj           88%          1%          1
b - Searing Ray           Conj           44%          2%          2
c - Iskenderun's Mystic   Conj/Tloc      16%          34%         4

Your spell library contained the following spells:

 Spells                   Type           Power        Failure   Level
 Dazzling Flash           Conj/Hex       24%          16%         3
 Fulminant Prism          Conj/Hex       6%           47%         4


Dungeon Overview and Level Annotations

Branches:
Dungeon (3/15)

Altars:
Cheibriados
Fedhas
Kikubaaqudgha
Nemelex Xobeh
Uskayaw
Wu Jian

Annotations:
D:3 1 transporter


Innate Abilities, Weirdness & Mutations

Your plain brown scales are hard. (AC +5)
You cannot fit into any form of body armour.
You are cold-blooded and may be slowed by cold attacks.


Message History

The plant is lightly damaged.
The mystic blast hits the plant.
The plant begins to die.
The plant is lightly damaged.
The mystic blast hits the electric eel.
The electric eel is lightly wounded.
The electric eel is knocked back by the mystic blast.
The electric eel slams into the translucent stone wall!
The mystic blast hits the electric eel!
The electric eel is heavily wounded.
The electric eel is knocked back by the mystic blast.
The electric eel slams into the translucent stone wall!
The electric eel shoots out a bolt of lightning at you!
The bolt of electricity hits you. The bolt of electricity hits you!
The bolt of electricity hits the plant!
The electric eel shoots out a bolt of lightning at you!
The bolt of electricity hits you!
* * * LOW HITPOINT WARNING * * *
The electric eel shoots out a bolt of lightning at you!
The bolt of electricity misses you. The bolt of electricity hits you!
You die...

#.#######.###
#....)###.#
##.###.....#
####...########
#....©....#
#.#######.#
#.#8.©.8#.# ##
#.#P...P#.# .#
#.###@###.# .#
#.#;...≈#.#
.######
#.#;...≈#.#
......#
#.#≈≈;≈≈#.#
......#
#.#≈≈♣≈≈#.#
......#
#.#≈≈≈≈≈#.#
......#
#.#≈≈PP≈#.#
......#
#.#≈≈≈≈≈#.#
......#
#.###+###.#


You could see 3 electric eels.

Vanquished Creatures
  An orc priest (D:3)
  A worker ant (D:3)
  3 adders
  3 worms (D:2)
  2 dart slugs
  3 leopard geckos
  5 orcs (D:3)
  A ball python (D:1)
  2 giant cockroaches
  8 goblins
  6 hobgoblins
  8 jackals
  10 kobolds
  2 quokkas (D:2)
  3 bats (D:2)
  6 frilled lizards
  9 rats
73 creatures vanquished.

Notes
Turn   | Place    | Note
-------+----------+-------------------------------------------
     0 | D:1      | hawla the Draconian Conjurer began the quest for the Orb.
     0 | D:1      | Reached XP level 1. HP: 14/14 MP: 3/3
   343 | D:1      | Reached XP level 2. HP: 22/22 MP: 1/5
   346 | D:1      | Learned a level 2 spell: Searing Ray
  1218 | D:1      | Reached skill level 1 in Fighting
  1592 | D:2      | Reached skill level 1 in Translocations
  1700 | D:2      | Reached XP level 3. HP: 28/28 MP: 3/6
  1786 | D:2      | Found an ancient bone altar of Kikubaaqudgha.
  1786 | D:2      | Found an ornate altar of the Wu Jian Council.
  1800 | D:2      | Found a sparkling altar of Nemelex Xobeh.
  1803 | D:2      | Found a hide-covered altar of Uskayaw.
  2712 | D:2      | Found a blossoming altar of Fedhas.
  2722 | D:2      | Reached XP level 4. HP: 35/35 MP: 1/7
  2727 | D:2      | Learned a level 4 spell: Iskenderun's Mystic Blast
  3437 | D:3      | Reached skill level 5 in Conjurations
  3437 | D:3      | Reached XP level 5. HP: 29/40 MP: 2/9
  3588 | D:3      | Found a snail-covered altar of Cheibriados.
  3904 | D:3      | Found a transporter.
  3926 | D:3      | Found a transporter.
  4490 | D:3      | Killed from afar by an electric eel

Illustrated notes

Levels and vault maps discovered:
D:1:      eino_arrival_cavern_b, layout_loops_corners, skrybe_limestone_x,
          grunt_decor_mini_mirrors, minmay_misc_feat_secret_circle
D:2:      layout_basic, nicolae_overflow_crystal_walls,
          grunt_temple_overflow_cloverleaf, minmay_quadrilaterals
D:3:      gammafunk_steamed_eel, layout_basic, kennysheep_slug_shrine

Skill      XL: |  1  2  3  4 |
---------------+-------------+-----
Stealth        | 2 |  2.0
Dodging        | 2 |  2.0
Fighting       | 1 |  1.3
Translocations | 1 2 |  2.1
Spellcasting   | 3 |  3.1
Conjurations   | 5 |  5.0

Action                   |  1- 3 |  4- 6 || total
-------------------------+-------+-------++-------
Melee: Unarmed           |    72 |       ||    72
       Tailslap          |     2 |     3 ||     5
       Whip              |    10 |    27 ||    37
 Cast: Magic Dart        |    47 |     7 ||    54
       Searing Ray       |    12 |    16 ||    28
       Iskenderun's Myst |       |     2 ||     2
  Use: Scroll            |     5 |     2 ||     7
Armor: Skin              |    39 |    11 ||    50
Dodge: Dodged            |    76 |    31 ||   107
